 Dungeon Crawl Stone Soup version 0.13.0-3-g966e3ec (webtiles) character file.

252 Zxenya the Chopper (level 4, -1/40 HPs)
             Began as a Hill Orc Berserker on Oct 13, 2013.
             Was a Believer of Trog.
             Slain by Sigmund
             ... wielding a +1,+1 scythe
              (6 damage)
             ... on Level 3 of the Dungeon.
             The game lasted 00:22:07 (1726 turns).

Zxenya the Chopper (Hill Orc Berserker)             Turns: 1726, Time: 00:22:07

HP  -1/40        AC  3     Str 20      XL: 4   Next: 18%
MP   3/3         EV 12     Int  7      God: Trog [**....]
Gold 185         SH  0     Dex 10      Spells:  0 memorised,  3 levels left

Res.Fire  : . . .   See Invis. : .   a - +0 orc hand axe {=f}
Res.Cold  : . . .   Warding    : .   b - +0 animal skin
Life Prot.: . . .   Conserve   : .   (no shield)
Res.Poison: .       Res.Corr.  : .   (no helmet)
Res.Elec. : .       Clarity    : .   (no cloak)
Sust.Abil.: . .     Spirit.Shd : .   (no gloves)
Res.Mut.  : .       Stasis     : .   d - +0 pair of boots
Res.Rott. : .       Flight     : .   (no amulet)
Saprovore : + . .                    (no ring)
                                     (no ring)

@: regenerating, about to teleport, quite resistant to hostile enchantments,
unstealthy
A: saprovore 1
a: Burn Spellbooks, Berserk, Trog's Hand, Renounce Religion, Convert to Beogh


You were on level 3 of the Dungeon.
You worshipped Trog.
Trog was pleased with you.
You were very hungry.

You visited 1 branch of the dungeon, and saw 3 of its levels.

You collected 165 gold pieces.

Inventory:

Hand weapons
 a - a +0,+0 orcish hand axe (weapon) {=f}
Missiles
 r - 27 stones (quivered)
Armour
 b - a +0 animal skin (worn)
 d - a +0 pair of boots (worn)
Comestibles
 c - a meat ration
 f - 2 bread rations
 l - an apple
 m - 2 grapes
Scrolls
 e - 3 scrolls of remove curse
 h - 2 scrolls of teleportation
 j - a scroll of enchant armour {unknown}
 k - a scroll of fog {unknown}
 o - a scroll of random uselessness {unknown}
 p - a scroll of curse armour {unknown}
 q - a scroll of blinking {unknown}
Potions
 g - a potion of brilliance
 i - 2 potions of curing


   Skills:
 + Level 4.3 Fighting
 + Level 5.4 Axes
 + Level 2.4 Armour
 - Level 1.8 Dodging
 - Level 0.3 Stealth


You had 3 spell levels left.
You didn't know any spells.

Dungeon Overview and Level Annotations

Branches:
Dungeon (3/27)

Altars:
Ashenzari

Annotations:
D:3 Sigmund


Innate Abilities, Weirdness & Mutations

You can tolerate rotten meat.


Message History

The orc priest shouts, "Surrender to Beogh and we'll let you live!"
It hits you! The orc priest closely misses you.
You hit the orc priest.
The orc priest is moderately wounded.
It hits you but does no damage.
The orc priest utters an invocation to Beogh.
You feel troubled.
You slash the orc priest!
The orc priest is severely wounded.
The orc priest calls down the wrath of Beogh upon you.
Something smites you!
You hit the orc priest.
The orc priest is almost dead.
It hits you.
* * * LOW HITPOINT WARNING * * *
The orc priest hits you with an orcish short sword.
* * * LOW HITPOINT WARNING * * *
As you read the scroll of teleportation, it crumbles to dust.
You feel strangely unstable. It hits you.
You die...

... ....(# #. ...#
#...... # ##....(#
.# ......o##.###.
#.#.#.#?#.#.#.#
#.....)o...........
#.#.#.#@#>#.#.#.#.##
#...................
#.#.#.#.#.#.#.#.#.#.
#................!..
###.#.#.#.#.#.#.#.##
#...........%....$#
##.#.#.#.#.#.#.#.##
#.................#
##.#.#.#.#.#.#.#.##


You could see an orc priest and an orc.

Vanquished Creatures
  2 adders (D:2)
  An orc (D:3)
  2 ball pythons (D:2)
  6 giant cockroaches
  7 goblins
  3 hobgoblins
  3 bats
  A giant gecko (D:3)
  4 giant newts
  8 jackals
  5 kobolds
  7 rats
49 creatures vanquished.

Notes
Turn   | Place    | Note
--------------------------------------------------------------
     0 | D:1      | Zxenya, the Hill Orc Berserker, began the quest for the Orb.
     0 | D:1      | Reached XP level 1. HP: 19/19 MP: 0/0
   229 | D:1      | Reached XP level 2. HP: 21/26 MP: 1/1
   360 | D:1      | Found a shattered altar of Ashenzari.
   483 | D:1      | Acquired Trog's second power
   780 | D:1      | Reached XP level 3. HP: 31/33 MP: 2/2
  1272 | D:2      | Reached skill level 5 in Axes
  1405 | D:2      | Reached XP level 4. HP: 31/40 MP: 3/3
  1710 | D:3      | Noticed Sigmund
  1726 | D:3      | Slain by Sigmund

Action                   |  1- 3 |  4- 6 || total
-------------------------+-------+-------++-------
Melee: Hand axe          |   124 |    31 ||   155
Throw: Stone             |       |     3 ||     3
Invok: Berserk           |     1 |       ||     1
       Trog's Hand       |       |     1 ||     1
  Use: Potion            |     2 |     2 ||     4
       Scroll            |     4 |     2 ||     6
